 Dungeon Crawl Stone Soup version 0.29-a0-322-g68df515428 (webtiles) character file.

Game seed: 14333413996987524874

72 ImHallYall the Skirmisher (level 4, -3/35 HPs)
             Began as a Demonspawn Fighter on Apr 6, 2022.
             Slain by an iguana (5 damage)
             ... on level 4 of the Dungeon.
             The game lasted 00:10:56 (3615 turns).

ImHallYall the Skirmisher (Demonspawn Fighter)      Turns: 3615, Time: 00:10:56

Health: -3/35      AC:  6    Str: 16    XL:     4   Next: 6%
Magic:  4/4        EV: 11    Int: 10    God:
Gold:   175        SH:  5    Dex: 14    Spells: 3/3 levels left

rFire   . . .      SeeInvis .   h - +1 trident (drain)
rCold   . . .      Faith    .   c - +0 buckler
rNeg    . . .      Spirit   .   b - +0 scale mail
rPois   .          Reflect  .   (no helmet)
rElec   .          Harm     .   (no cloak)
rCorr   .          Rampage  .   (no gloves)
Will    .....                   (no boots)
Stlth   ..........              (no amulet)
HPRegen 0.11/turn               (no ring)
MPRegen 0.09/turn               (no ring)

@: mighty, brilliant
A: repulsion field 1, powered by pain 1
a: no special abilities


You were on level 4 of the Dungeon.
You visited 1 branch of the dungeon, and saw 4 of its levels.

You collected 175 gold pieces.

Inventory:

Hand Weapons
 a - a +0 long sword
 h - a +1 trident of draining (weapon)
Armour
 b - a +0 scale mail (worn)
 c - a +0 buckler (worn)
Jewellery
 f - a ring of wizardry
 j - a ring of ice
Scrolls
 k - a scroll of torment
 n - a scroll of amnesia
 p - a scroll of enchant weapon {unknown}
Potions
 e - 2 potions of curing {unknown}
 g - 2 potions of degeneration {unknown}
 i - a potion of lignification {unknown}
 l - a potion of flight {unknown}
 m - a potion of heal wounds {unknown}


   Skills:
 + Level 3.5 Fighting
 + Level 1.9 Long Blades
 + Level 1.3 Polearms
 + Level 3.0 Armour
 + Level 0.7 Dodging
 + Level 3.2 Shields


You had 3 spell levels left.
You didn't know any spells.
Your spell library contained the following spells:

 Spells                   Type           Power      Damage    Failure   Level
 Dazzling Flash           Conj/Hex       0%         N/A       99%         3
 Iskenderun's Mystic Bla  Conj/Tloc      0%         2d3       100%        4
 Starburst                Conj/Fire      0%         6d3       100%        6


Dungeon Overview and Level Annotations

Branches:
Dungeon (4/15)
 Temple: D:4-7

Altars:

Shops:
D:1 (


Innate Abilities, Weirdness & Mutations

You are surrounded by a mild repulsion field. (EV +2)
You sometimes gain a little power by taking damage.


Message History

You hit the orc. You drain the orc.
You kill the orc!
The orc closely misses you. The orc misses you.
The orc hits you with a +0 dagger. The hound bites you but does no damage.
Things that are here:
a +0 flail; a boomerang You closely miss the hound.
The orc barely misses you. x2
The iguana bites you! The hound completely misses you.
The orc closely misses you. The orc hits you with a +0 hand axe.
You block the hound's attack. The iguana bites you.
You barely miss the hound. The hound barely misses you. The orc misses you.
The orc closely misses you.
The iguana bites you but does no damage.
Unknown command.
You feel very mighty all of a sudden. The hound misses you.
The hound bites you but does no damage. The orc hits you with a +0 hand axe.
The iguana bites you but does no damage.
The orc hits you with a +0 dagger.
You puncture the hound! You drain the hound.
The hound is almost dead.
The hound bites you but does no damage. The orc barely misses you.
The iguana bites you!
* * * LOW HITPOINT WARNING * * *
The orc hits you with a +0 dagger.
* * * LOW HITPOINT WARNING * * *
The hound barely misses you.
It was a potion of brilliance.
You feel clever all of a sudden. The hound bites you.
* * * LOW HITPOINT WARNING * * *
The orc hits you but does no damage. The orc hits you with a +0 hand axe.
* * * LOW HITPOINT WARNING * * *
The iguana closely misses you.
You puncture the orc!
You kill the orc!
The hound bites you.
* * * LOW HITPOINT WARNING * * *
The iguana bites you.
You die...

............#
........#...##
.............####
................###
..................#
...................
......$....o......#
.........))@h....#
.......<....l.##..#
...........####
............#
......#.....#
.##....#.....#
#########.## ##


You could see an iguana, a hound (very drained) and an orc.

Vanquished Creatures
  2 worms
  4 dart slugs
  4 orcs (D:4)
  8 ball pythons
  6 bats
  3 endoplasms (D:2)
  8 goblins
  5 hobgoblins
  2 quokkas (D:1)
  5 frilled lizards
  3 kobolds
  6 rats
56 creatures vanquished.

Notes
Turn   | Place    | Note
-------+----------+-------------------------------------------
     0 | D:1      | ImHallYall the Demonspawn Fighter began the quest for the
                  | Orb.
     0 | D:1      | Reached XP level 1. HP: 18/18 MP: 1/1
   110 | D:1      | Found Guruuvif's Antique Weapon Boutique.
   471 | D:1      | Gained mutation: You are surrounded by a mild repulsion
                  | field. (EV +2) [demonic ancestry]
   471 | D:1      | Reached XP level 2. HP: 20/24 MP: 2/2
  1906 | D:2      | Gained mutation: You sometimes gain a little power by
                  | taking damage. [demonic ancestry]
  1906 | D:2      | Reached XP level 3. HP: 23/29 MP: 3/3
  3109 | D:3      | Reached skill level 1 in Polearms
  3605 | D:4      | Reached XP level 4. HP: 35/35 MP: 4/4
  3615 | D:4      | Slain by an iguana

Illustrated notes

Levels and vault maps discovered:
D:1:      dpeg_arrival_lava_temple_mockup, layout_loops_corners, serial_shops,
          nicolae_shop_hallway_plus
D:2:      layout_loops_cross
D:3:      layout_rooms, grunt_ministairs_14
D:4:      layout_cave_pods, minmay_temple_entry_poolview, uniq_menkaure

Skill      XL: |  1  2  3 |
---------------+----------+-----
Shields        | 3 |  3.2
Armour         | 3 |  3.0
Polearms       | 1 |  1.3
Fighting       | |  3.5
Long Blades    | |  1.9
Dodging        | |  0.7

Action                   |  1- 3 |  4- 6 || total
-------------------------+-------+-------++-------
Melee: Long sword        |    10 |       ||    10
       Trident           |   102 |     6 ||   108
  Use: Scroll            |     8 |       ||     8
       Potion            |       |     2 ||     2
Armor: Scale mail        |    69 |     6 ||    75
Dodge: Dodged            |    89 |    18 ||   107
Block: Buckler           |    31 |     2 ||    33

Table legend: (Time is in decaauts)
 A = Elapsed time spent in this place.
 B = Non-inter-level travel time spent in this place.
 C = Inter-level travel time spent in this place.
 D = Time resting spent in this place.
 E = Time spent auto-exploring this place.
 F = Levels seen in this place.
 G = Mean time per level.
                   A        B        C        D        E       F      G
               +--------+--------+--------+--------+--------+-----+--------+
         Total |   3651 |   3651 |      0 |    787 |   1563 |   4 |  912.8 |
       Dungeon |   3651 |   3651 |      0 |    787 |   1563 |   4 |  912.8 |
               +--------+--------+--------+--------+--------+-----+--------+

Top non-repeatable levels by time:
     D:2: 1516 daAuts
     D:1: 1472 daAuts
     D:3: 647 daAuts
     D:4: 15 daAuts
